 Dungeon Crawl Stone Soup version 0.28-a0-249-g9004c80361 (webtiles) character file.

Game seed: 9272994479910546998

14 Malachi the Insei (level 2, 20/20 HPs)
             Began as a Vampire Transmuter on Aug 26, 2021.
             Was a Follower of Jiyva.
             Safely got out of the dungeon.
             The game lasted 00:00:42 (185 turns).

Malachi the Insei (Vampire Transmuter)               Turns: 185, Time: 00:00:43

Health: 20/20      AC:  2    Str:  9    XL:     2   Next: 31%
Magic:  5/5        EV: 12    Int: 15    God:    Jiyva [*.....]
Gold:   15         SH:  0    Dex: 14    Spells: 4/5 levels left

rFire   . . .      SeeInvis +     - Unarmed
rCold   . . .      Faith    .   (no shield)
rNeg    . . .      Spirit   .   a - +0 robe
rPois   .          Reflect  .   (no helmet)
rElec   .          Harm     .   (no cloak)
rCorr   .          Rampage  .   (no gloves)
Will    .....                   (no boots)
Stlth   +.........              (no amulet)
HPRegen 0.26/turn               (no ring)
MPRegen 0.09/turn               (no ring)

@: healing quickly
A: alive, fangs 3, see invisible, vampiric 1
a: Exsanguinate, Renounce Religion, Request Jelly


You escaped.
You worshipped Jiyva.
Jiyva was aware of your devotion.
You visited 1 branch of the dungeon, and saw 1 of its levels.

You collected 15 gold pieces.

Inventory:

Armour
 a - a +0 robe (worn)


   Skills:
 - Level 0.8 Fighting
 - Level 2.1 Dodging
 - Level 3.2 Unarmed Combat
 - Level 2.0 Spellcasting
 * Level 2.8 Transmutations
 * Level 1.1 Poison Magic


You had 4 spell levels left.
You knew the following spells:

 Your Spells              Type           Power      Damage    Failure   Level
a - Beastly Appendage     Tmut           20%        N/A       7%          1

Your spell library contained the following spells:

 Spells                   Type           Power      Damage    Failure   Level
 Wereblood                Tmut           10%        N/A       11%         2
 Spider Form              Tmut/Pois      3%         N/A       28%         3
 Ice Form                 Ice/Tmut       5%         N/A       77%         4


Dungeon Overview and Level Annotations

Branches:
Dungeon (1/15)

Altars:
Jiyva


Innate Abilities, Weirdness & Mutations

Your natural rate of healing is accelerated.
You have razor-sharp teeth.
You have supernaturally acute eyesight. (SInv)
You are afflicted with vampirism.


Message History

You kill the ball python!
A kobold comes into view. It is wielding a +0 dagger.
The kobold shouts!
You see here a ball python corpse.
The withered plant crumbles away.
The kobold throws a stone.
The stone barely misses you.
Casting: Beastly Appendage (safe; 7% risk of failure)
Press: ? - help, Q - select action Dir - look around, f - activate You grow a pair of large bovine horns.
Your feet morph into talons.
A nearby demonic plant withers and dies.
Unknown command.
You hit the kobold.
You kill the kobold!
No target in view!
No target in view!
You start resting.
Your transformation is almost over.
You start resting.
Magic restored.
You see here a ball python corpse.
There is a faded altar of an unknown god here.
You cannot tell which god this altar belongs to.
Convert to them anyway?
Jiyva accepts your prayer! Jiyva welcomes you! Jiyva grants you a jelly!
You can now request a jelly.
Your horns disappear.
Your talons disappear.
Unknown command.
Press < or > to pray at altars.
Unknown command.
Press < or > to pray at altars.
You hear a distant slurping noise.
You hear a distant slurping noise.
HP restored.
You hear a distant slurping noise.
Things that are here:
a +0 club; 22 sling bullets
There is an open door here.
There is a staircase leading out of the dungeon here.
Are you sure you want to leave the Dungeon?
This will make you lose the game!
You have escaped!

###
###@###
#.#.#>#
#♣.....♣
#≈♣...♣≈#
#≈≈♣.♣≈≈#
#≈≈♣.♣≈≈#
##≈♣.♣≈##
###'###
#..#


There were no monsters in sight!

Vanquished Creatures
  A dart slug (D:1)
  An endoplasm (D:1)
  3 goblins (D:1)
  3 hobgoblins (D:1)
  A ball python (D:1)
  A kobold (D:1)
  A rat (D:1)
11 creatures vanquished.

Vanquished Creatures (others)
  2 demonic plants (D:1)
  2 plants (D:1)
  A withered plant (D:1)
5 creatures vanquished.

Grand Total: 16 creatures vanquished

Notes
Turn   | Place    | Note
-------+----------+-------------------------------------------
     0 | D:1      | Malachi the Vampire Transmuter began the quest for the Orb.
     0 | D:1      | Reached XP level 1. HP: 14/14 MP: 3/3
    55 | D:1      | Found a faded altar of an unknown god.
    92 | D:1      | Reached skill level 1 in Poison Magic
    92 | D:1      | Reached XP level 2. HP: 9/20 MP: 3/5
   152 | D:1      | Became a worshipper of Jiyva Juagab the Shapeless
   152 | D:1      | Reached * piety under Jiyva
   185 | D:$      | Safely got out of the dungeon.

Illustrated notes

Levels and vault maps discovered:
D:1:      saegor_arrival_simple_d, layout_rooms, shapermc_ecumenical_altar_gd,
          minmay_domino_4

Skill      XL: |  1 |
---------------+----+-----
Poison Magic   | 1 |  1.1
Fighting       | |  0.8
Dodging        | |  2.1
Unarmed Combat | |  3.2
Spellcasting   | |  2.0
Transmutations | |  2.8

Action                   || total
-------------------------++-------
Melee: Unarmed           ||    30
       Kick              ||     6
       Headbutt          ||     3
       Bite              ||     4
 Cast: Beastly Appendage ||     6
Dodge: Dodged            ||    10

Table legend: (Time is in decaauts)
 A = Elapsed time spent in this place.
 B = Non-inter-level travel time spent in this place.
 C = Inter-level travel time spent in this place.
 D = Time resting spent in this place.
 E = Time spent auto-exploring this place.
 F = Levels seen in this place.
 G = Mean time per level.
                   A        B        C        D        E       F      G
               +--------+--------+--------+--------+--------+-----+--------+
         Total |    183 |    152 |     31 |     24 |     58 |   1 |  183.0 |
       Dungeon |    183 |    152 |     31 |     24 |     58 |   1 |  183.0 |
               +--------+--------+--------+--------+--------+-----+--------+

Top non-repeatable levels by time:
     D:1: 183 daAuts
